 Dungeon Crawl Stone Soup version 0.18.1-48-g4cf74bf (webtiles) character file.

2414 Krapule the Vandal (level 9, -1/61 HPs)
             Began as a Halfling Berserker on July 10, 2016.
             Was an Elder of Trog.
             Succumbed to a killer bee's poison
             ... on level 6 of the Dungeon.
             The game lasted 00:23:38 (7517 turns).

Krapule the Vandal (Halfling Berserker)             Turns: 7517, Time: 00:23:39

Health: -1/61      AC:  6    Str: 23    XL:     9   Next: 76%
Magic:  18/18      EV: 16    Int:  6    God:    Trog [****..]
Gold:   44         SH:  0    Dex: 16    Spells: 0 memorised, 8 levels left

rFire  . . .     SeeInvis .     w - +0 long sword
rCold  . . .     Gourm    .     x - +2 scale mail of the Shore {*Corrode Str+3 Dex+2 Stlth+}
rNeg   . . .     Faith    .     (shield restricted)
rPois  .         Spirit   .     (no helmet)
rElec  .         Dismiss  .     r - +0 cloak
rCorr  .         Reflect  .     (no gloves)
SustAt .         Harm     .     (no boots)
MR     .....                    u - amulet of rage
Stlth  +.........               (no ring)
                                y - ring of magical power

@: lethally poisoned (-1 -> -25), exhausted, corroded, slowed, very slow, not
resistant to hostile enchantments, very unstealthy
A: mutation resistance 1
a: Berserk, Trog's Hand, Brothers in Arms, Burn Spellbooks, Renounce Religion,
Evoke Berserk Rage


You were on level 6 of the Dungeon.
You worshipped Trog.
Trog was greatly pleased with you.
You were near starving.

You visited 1 branch of the dungeon, and saw 7 of its levels.

You collected 306 gold pieces.
You spent 262 gold pieces at shops.

Inventory:

Hand Weapons
 a - a +0 falchion
 b - a +0 hunting sling
 w - a +0 long sword (weapon)
Missiles
 k - 38 sling bullets
Armour
 r - a +0 cloak (worn)
 x - the +2 scale mail of the Shore (worn) {*Corrode Str+3 Dex+2 Stlth+}
   (You bought it in a shop on level 6 of the Dungeon)

   It affects your strength (+3).
   It affects your dexterity (+2).
   It may corrode you when you take damage.
   It makes you more stealthy.
Jewellery
 u - an amulet of rage (around neck)
 y - a ring of magical power (left hand)
Wands
 B - a wand of lightning (8/15)
 C - a wand of slowing (23/48)
Scrolls
 d - 3 scrolls of random uselessness {unknown}
 e - a scroll of amnesia {unknown}
 h - 3 scrolls of enchant weapon {unknown}
 m - 4 scrolls of teleportation {unknown}
 q - 4 scrolls of recharging {unknown}
 s - a scroll of blinking {unknown}
 v - a scroll of fog {unknown}
 z - a scroll of acquirement {unknown}
 A - a scroll of identify
Potions
 g - 3 potions of flight
 i - 6 potions of curing
 l - a potion of heal wounds
 n - a potion of ambrosia
 p - 2 potions of magic
 t - a potion of lignification {unknown}
Comestibles
 c - 9 bread rations
 f - 3 meat rations
 j - a chunk of flesh
 o - 2 slices of pizza


   Skills:
 + Level 5.5 Fighting
 + Level 6.5 Long Blades
 + Level 7.7 Slings
 + Level 6.3 Armour
 + Level 6.5 Dodging


You had 8 spell levels left.
You didn't know any spells.

Dungeon Overview and Level Annotations

Branches:
Dungeon (7/15)             Temple (0/1) D:4

Altars:
Cheibriados
Dithmenos
Kikubaaqudgha
Makhleb
Nemelex Xobeh
Pakellas
Xom
Zin
The Shining One

Shops:
D:4 ?   D:6 =[:(

Annotations:
D:6 simples's ghost, novice DDFi


Innate Abilities, Weirdness & Mutations

You are small and have problems with some larger weapons.
You are somewhat resistant to further mutation.


Message History

The killer bee poisons you! The killer bee misses you.
The killer bee barely misses you. The killer bee closely misses you.
The killer bee barely misses you. The killer bee closely misses you.
There is a stone staircase leading up here.
You feel sick. The killer bee barely misses you. x3
The killer bee closely misses you. The killer bee stings you.
* * * LOW HITPOINT WARNING * * *
You are lethally poisoned!
The killer bee poisons you! The killer bee stings you.
* * * LOW HITPOINT WARNING * * *
The killer bee stings you but does no damage.
The killer bee stings you.
* * * LOW HITPOINT WARNING * * *
Your corrosive artefact corrodes you!
You are more poisoned.
The killer bee poisons you! The killer bee closely misses you.
You climb upwards.
Level annotation: simples's ghost, novice DDFi A giant cockroach comes into view.
You die...

#...##.... ###
....#W.... #.#
....##...? #.#
....##8... #s# #...#
##_# #.# ##..### ##
##.# ##...# ####..##
##'## #...yy.# #.#
#.##@#.# #.#
#.##y#.#
##.########.##.#.# #
#...##...##.##.#.#
##♣....#...##.##.#.#
♣.∩.♣.........##.#.#
..♣................#
######...........###
# ###...#######


You could see 3 killer bees and a giant cockroach (wandering).

Vanquished Creatures
  Sigmund (D:3)
  A sky beast (D:6)
  2 black bears
  6 ogres
  A phantom (D:5)
  A gnoll sergeant (D:5)
  2 giant frogs
  3 scorpions
  3 killer bees (D:7)
  3 wights (D:6)
  2 howler monkeys
  2 giant frog zombies
  3 crimson imps
  2 orc wizards
  A jelly (D:5)
  A centaur skeleton (D:6)
  2 iguanas
  Ijyb (D:2)
  4 worker ants
  Terence (D:3)
  A hound zombie (D:6)
  A hound skeleton (D:6)
  3 gnolls (D:5)
  6 adders
  A shadow imp (D:5)
  An ooze (D:3)
  5 worms
  2 dart slugs
  6 giant geckos
  16 orcs
  A ball python (D:5)
  5 bats
  9 giant cockroaches
  7 goblins
  12 hobgoblins
  6 kobolds
  3 quokkas
  6 giant newts
  9 rats
142 creatures vanquished.

Vanquished Creatures (others)
  A human (D:3)
1 creature vanquished.

Grand Total: 143 creatures vanquished

Notes
Turn   | Place    | Note
--------------------------------------------------------------
     0 | D:1      | Krapule the Halfling Berserker began the quest for the Orb.
     0 | D:1      | Reached XP level 1. HP: 15/15 MP: 1/1
    52 | D:1      | Reached XP level 2. HP: 18/20 MP: 2/2
   420 | D:1      | Reached XP level 3. HP: 20/25 MP: 3/3
   495 | D:1      | Reached ** piety under Trog
  1350 | D:2      | Found a glowing silver altar of Zin.
  1364 | D:2      | Noticed Ijyb
  1376 | D:2      | Killed Ijyb
  1376 | D:2      | Reached skill level 1 in Slings
  1376 | D:2      | Reached XP level 4. HP: 31/31 MP: 4/4
  1988 | D:3      | Reached XP level 5. HP: 36/36 MP: 5/5
  1996 | D:3      | Noticed Sigmund
  2539 | D:3      | Killed Sigmund
  2539 | D:3      | Reached skill level 3 in Slings
  2539 | D:3      | Reached XP level 6. HP: 43/43 MP: 6/6
  2621 | D:3      | Noticed Terence
  2642 | D:3      | Killed Terence
  2680 | D:3      | Reached XP level 7. HP: 39/47 MP: 7/7
  2911 | D:3      | Reached *** piety under Trog
  2913 | D:3      | Found an ancient bone altar of Kikubaaqudgha.
  2914 | D:3      | Noticed a human
  2917 | D:3      | Killed a human
  2977 | D:3      | Found a burning altar of Makhleb.
  2977 | D:3      | Found a shimmering altar of Xom.
  3088 | D:4      | Reached skill level 4 in Slings
  3178 | D:4      | Found a glowing silver altar of Zin.
  3204 | D:4      | Found a staircase to the Ecumenical Temple.
  3374 | D:4      | Reached XP level 8. HP: 43/54 MP: 8/8
  3525 | D:4      | Found Cufi's Magic Scroll Boutique.
  3543 | D:4      | Bought a scroll of identify for 28 gold pieces
  3588 | D:4      | Reached skill level 5 in Long Blades
  3588 | D:4      | Reached skill level 5 in Slings
  4146 | D:4      | Reached skill level 5 in Dodging
  4299 | D:5      | Entered Level 5 of the Dungeon
  4740 | D:5      | Found an oddly glowing altar of Pakellas.
  5163 | D:5      | Reached skill level 5 in Armour
  5528 | D:5      | Reached skill level 6 in Slings
  5564 | D:5      | Reached XP level 9. HP: 24/60 MP: 9/9
  6139 | D:6      | Found Patimn's Book Boutique.
  6190 | D:6      | Reached skill level 5 in Fighting
  6485 | D:6      | Found Gamochakk's Jewellery Shop.
  6517 | D:6      | Found Pibiag's Antique Armour Shoppe.
  6529 | D:6      | Bought an obsidian-encrusted scale mail for 234 gold pieces
  6539 | D:6      | Identified the +2 scale mail of the Shore {*Corrode Str+3 Dex+2 Stlth+} (You bought it in a shop on level 6 of the Dungeon)
  6600 | D:6      | Reached skill level 7 in Slings
  6770 | D:6      | Found a sparkling altar of Nemelex Xobeh.
  6773 | D:6      | Found a glowing golden altar of the Shining One.
  6774 | D:6      | Noticed simples's ghost (novice DDFi)
  6831 | D:6      | Found a shadowy altar of Dithmenos.
  6842 | D:6      | Found Habaeb's Weapon Emporium.
  6936 | D:6      | Found a snail-covered altar of Cheibriados.
  7414 | D:7      | Reached **** piety under Trog
  7516 | D:7      | HP: 3/61 [killer bee (4)]
  7517 | D:6      | Succumbed to a killer bee's poison

Skill      XL: |  1  2  3  4  5  6  7  8  9 |
---------------+----------------------------+-----
Fighting       | 3 4 5 |  5.5
Slings         | 1 3 4 6 7 |  7.7
Dodging        | 3 4 5 6 |  6.5
Armour         | 3 4 5 6 |  6.3
Long Blades    | 4 5 6 |  6.5

Action                   |  1- 3 |  4- 6 |  7- 9 || total
-------------------------+-------+-------+-------++-------
Melee: Falchion          |   115 |   179 |   251 ||   545
       Long sword        |       |       |   189 ||   189
 Fire: Hunting sling     |     4 |     5 |    23 ||    32
Invok: Berserk           |     1 |     1 |     3 ||     5
       Trog's Hand       |       |     2 |     1 ||     3
  Use: Scroll            |       |       |     6 ||     6
       Potion            |       |       |     2 ||     2
 Stab: Sleeping          |     1 |       |       ||     1
       Distracted        |       |       |     1 ||     1
  Eat: Chunk             |     1 |     7 |    12 ||    20
       Fruit             |       |       |     5 ||     5
       Pizza             |       |       |     1 ||     1
Armor: Animal skin       |    15 |       |       ||    15
       Scale mail        |    17 |    52 |   141 ||   210
Dodge: Dodged            |    84 |   119 |   397 ||   600
